 Dungeon Crawl Stone Soup version 0.31-a0-507-gbafd7f5274 (webtiles) character file.

Game seed: 4111372831419341725

94 Newt the Changeling (level 4, 0/33 HPs)
             Began as a Merfolk Shapeshifter on Aug 9, 2023.
             Slain by Jessica
             ... wielding a +0 dagger
              (4 damage)
             ... on level 3 of the Dungeon.
             The game lasted 00:02:31 (2023 turns).

Newt the Changeling (Merfolk Shapeshifter)          Turns: 2023, Time: 00:02:31

Health: 0/33       AC:  2    Str: 14 (17) XL:     4   Next: 63%
Magic:  4/4        EV: 12    Int:  7      God:
Gold:   8          SH:  0    Dex: 11 (14) Spells: 3/3 levels left

rFire   . .          .
                       - Unarmed
rCold   . . .        (shield currently unavailable)
rNeg    . . .        a - +0 animal skin
rPois   .            (no helmet)
rElec   .            (no cloak)
rCorr   .            (no gloves)
SInv    .            (no boots)
Will    .....        (no amulet)
Stlth   +            (no ring)
HPRegen 0.25/turn    (no ring)
MPRegen 0.09/turn

%: no passive effects
@: flux-form, glowing
A: glow, contaminating, (nimble swimmer 2), mertail
a: Begin Untransformation


You were on level 3 of the Dungeon.
You were something dangerously unstable.
You visited 1 branch of the dungeon, and saw 3 of its levels.

You collected 140 gold pieces.
You spent 132 gold pieces at shops.

Inventory:

Armour
 a - a +0 animal skin (worn)
Talismans
 c - a beast talisman
 d - a flux talisman (active)
Wands
 h - a wand of paralysis (11)
Scrolls
 g - a scroll of revelation
 j - a scroll of poison {unknown}
 l - 2 scrolls of identify
 m - a scroll of teleportation
 n - a scroll of vulnerability
Potions
 b - a potion of lignification
 e - 2 potions of enlightenment
 f - a potion of mutation
 k - a potion of degeneration
 o - a potion of invisibility {unknown}
 p - a potion of ambrosia {unknown}


   Skills:
 + Level 2.0 Fighting
 - Level 2.6 Dodging
 - Level 3.2 Unarmed Combat
 - Level 6.0 Shapeshifting


You had 3 spell levels left.
You didn't know any spells.
Your spell library was empty.

Dungeon Overview and Level Annotations

Branches:
Dungeon (3/15)

Altars:

Shops:
D:2 ?

Annotations:
D:3 Jessica


Innate Abilities, Weirdness & Mutations

You are something dangerously unstable.
You glow with magical radiation, making you easy to see and hit.
Foes you strike become dangerously contaminated with magical radiation.
You are incapable of wielding weapons or throwing items.
((You are very nimble when in or above water. (Stealth+, EV+, Speed+++)))
Your lower body shifts to a powerful aquatic tail in water.


Message History

Jessica casts a spell at you. Pain shoots through your body!
The kobold hits you with a +0 short sword.
You hit the kobold.
The kobold begins to glow.
The kobold is heavily wounded.
Jessica mumbles some strange words.
Jessica blinks!
The kobold completely misses you.
You closely miss the kobold.
The kobold is heavily wounded.
Jessica hits you with a +0 dagger.
The kobold hits you with a +0 short sword.
You are too injured to fight recklessly!
You are too injured to fight recklessly!
You hit the kobold.
You kill the kobold!
Jessica hits you with a +0 dagger.
* * * LOW HITPOINT WARNING * * *
Your Fighting skill increases to level 2!
Unknown command.
You hit Jessica.
Jessica begins to glow.
Jessica is moderately wounded.
Jessica points at you and mumbles some strange words.
Pain shoots through your body!
* * * LOW HITPOINT WARNING * * *
Jessica mumbles some strange words.
Jessica blinks!
You feel better.
Unknown command.
You completely miss Jessica.
Jessica is moderately wounded.
Jessica hits you with a +0 dagger.
* * * LOW HITPOINT WARNING * * *
A rat comes into view.
Unknown command.
You hit Jessica.
Jessica glows dangerously bright.
Jessica is heavily wounded.
Jessica hits you with a +0 dagger.
* * * LOW HITPOINT WARNING * * *
Jessica hits you with a +0 dagger.
You die...

#.#.#....#
#.#...##.#
#........#
#........# ###
###.#..##.### #..
..)....##...###.#
.#####.#.###.##.#
)# #..##
##.#.###.#r# .#
#....#
#...B)....# .#
#.##.#
#.#@#...#.# .# #.
##. #.##.#...#
.### #...#
#.##.## ..# ..#
#.# .# #.# #.<#
#.# .# ..# #...
... . #.# ####
#.. . #.##.....


You could see Jessica (fast, heavy contam) and a rat.

Vanquished Creatures
  4 adders
  A worm (D:2)
  A ball python (D:3)
  6 bats
  4 endoplasms
  2 giant cockroaches (D:1)
  7 goblins
  7 hobgoblins
  A quokka (D:1)
  4 frilled lizards
  7 kobolds
  9 rats
53 creatures vanquished.

Notes
Turn   | Place    | Note
-------+----------+-------------------------------------------
     0 | D:1      | Newt the Merfolk Shapeshifter began the quest for the Orb.
     0 | D:1      | Reached XP level 1. HP: 15/15 MP: 1/1
   124 | D:1      | Reached XP level 2. HP: 16/22 MP: 2/2
   625 | D:1      | Reached XP level 3. HP: 27/27 MP: 3/3
   905 | D:2      | Reached skill level 5 in Shapeshifting
  1372 | D:2      | Found a faded altar of an unknown god.
  1419 | D:2      | Reached XP level 4. HP: 27/33 MP: 4/4
  1677 | D:2      | Found Necit's Magic Scroll Emporium.
  1680 | D:2      | Bought a scroll of identify for 24 gold pieces
  1680 | D:2      | Bought a scroll of identify for 24 gold pieces
  1680 | D:2      | Bought a scroll of teleportation for 36 gold pieces
  1680 | D:2      | Bought a scroll of vulnerability for 48 gold pieces
  1973 | D:3      | Reached skill level 6 in Shapeshifting
  2012 | D:3      | Noticed Jessica
  2023 | D:3      | Slain by Jessica

Illustrated notes

Levels and vault maps discovered:
D:1:      giann_wishing_wells, layout_loops_ring, due_unseen_surprise
D:2:      layout_basic, ebering_ecumenical_altar_hall, serial_shops,
          nicolae_shop_rolled_up, grunt_decor_one_mirror
D:3:      layout_loops_ring, uniq_jessica, uniq_robin

Skill      XL: |  1  2  3  4 |
---------------+-------------+-----
Shapeshifting  | 5 6 |  6.0
Fighting       | 2 |  2.0
Dodging        | |  2.6
Unarmed Combat | |  3.2

Action                     |  1- 3 |  4- 6 || total
---------------------------+-------+-------++-------
  Melee: Unarmed           |   110 |    63 ||   173
         Punch             |     4 |       ||     4
    Use: Scroll            |     4 |     1 ||     5
         Potion            |     1 |     3 ||     4
   Stab: Sleeping          |     1 |       ||     1
 Armour: Animal skin       |    32 |    10 ||    42
  Dodge: Dodged            |    73 |    28 ||   101
   Form: Flux              |     1 |       ||     1

Table legend: (Time is in decaauts)
 A = Elapsed time spent in this place.
 B = Non-inter-level travel time spent in this place.
 C = Inter-level travel time spent in this place.
 D = Time resting spent in this place.
 E = Time spent auto-exploring this place.
 F = Levels seen in this place.
 G = Mean time per level.
                   A        B        C        D        E       F      G
               +--------+--------+--------+--------+--------+-----+--------+
         Total |   2012 |   1956 |     56 |    146 |   1447 |   3 |  670.7 |
       Dungeon |   2012 |   1956 |     56 |    146 |   1447 |   3 |  670.7 |
               +--------+--------+--------+--------+--------+-----+--------+

Top non-repeatable levels by time:
     D:2: 941 daAuts
     D:1: 871 daAuts
     D:3: 198 daAuts
